Map: [ESL] Gresvan

Players

Maru - Winner!

  • Race: Terran Terran
  • Spawn Location: 11:00

Solar

  • Race: Zerg Zerg
  • Spawn Location: 5:00

Event: IEM Katowice 2023

VOD

Have the link to the VOD?

Description

Time

  • Played on: Feb. 12, 2023, 5:29 a.m.
  • Length: 18:45

All games in this series

Show
View Real Time Build Order
Export as new Build Order

Maru Terran - Winner!

Build Orders:  

Get SALT Encoding   

  12  0:00  SCV  
  13  0:12  SCV  
  14  0:17  Supply Depot  
  14  0:24  SCV  
  15  0:38  SCV  
  15  0:39  Barracks  
  16  0:43  Refinery  
  16  0:50  SCV  
  17  1:00  Barracks  
  17  1:03  SCV  
  18  1:15  SCV  
  19  1:27  Orbital Command, Reaper  
  19  1:30  Supply Depot  
  20  1:46  Reaper  
  21  1:53  SCV  
  22  2:03  Reaper  
  22  2:05  SCV  
  24  2:10  Command Center  
  24  2:17  SCV  
  24  2:19  Refinery  
  25  2:28  Marine  
  25  2:29  SCV  
  27  2:40  Factory  
  27  2:41  SCV  
  27  2:42  Marine  
  29  2:45  Supply Depot  
  29  2:53  SCV  
  30  3:05  SCV  
  31  3:15  Command Center  
  31  3:18  SCV  
  32  3:21  Barracks Reactor  
  33  3:27  Orbital Command, Factory Reactor  
  32  3:35  SCV  
  32  3:38  Starport  
  33  3:43  Barracks Tech Lab  
  33  3:47  SCV  
  34  3:55  SCV  
  35  3:57  Barracks Reactor  
  35  3:58  Barracks Tech Lab  
  35  3:59  SCV  
  36  4:07  SCV  
  36  4:08  Hellion x2  
  41  4:12  SCV  
  41  4:16  Marine, Stimpack  
  43  4:19  Medivac, SCV  
  46  4:24  SCV  
  46  4:28  Orbital Command  
  46  4:29  Hellion x2  
  46  4:31  SCV  
  52  4:33  Refinery  
  52  4:34  Marine x3  
  52  4:37  SCV  
  56  4:40  Engineering Bay  
  56  4:41  Engineering Bay  
  56  4:43  SCV  
  57  4:49  SCV  
  57  4:52  Marine x2  
  60  4:55  SCV  
  60  4:58  SCV, Supply Depot  
  62  5:00  Marine  
  62  5:01  SCV  
  62  5:02  Factory Reactor  
  62  5:05  Medivac  
  62  5:06  Medivac  
  68  5:11  Orbital Command  
  68  5:13  SCV  
  69  5:14  Supply Depot  
  69  5:15  Supply Depot  
  69  5:20  Marine x2, Terran Infantry Weapons Level 1  
  68  5:22  Terran Infantry Armor Level 1  
  68  5:23  SCV  
  68  5:24  Marine  
  68  5:26  SCV  
  71  5:35  SCV  
  64  5:37  Marine x2  
  64  5:38  SCV  
  64  5:39  SCV  
  64  5:42  Marine  
  67  5:47  SCV  
  67  5:48  Barracks x3  
  68  5:50  SCV  
  68  5:51  Widow Mine  
  68  5:52  Widow Mine  
  68  5:54  Medivac  
  68  5:55  Marine, SCV  
  77  5:59  SCV  
  77  6:00  Armory  
  77  6:02  Medivac  
  77  6:03  Marine  
  81  6:04  SCV  
  81  6:08  SCV  
  83  6:11  SCV  
  83  6:15  Supply Depot  
  83  6:16  Combat Shield, SCV, Refinery  
  83  6:18  Marine  
  86  6:20  SCV  
  86  6:22  Marine x2  
  86  6:24  SCV  
  90  6:28  SCV  
  90  6:30  Widow Mine  
  93  6:33  Supply Depot  
  93  6:37  Widow Mine, SCV x2  
  93  6:38  Barracks Reactor x3  
  93  6:39  Marine  
  98  6:40  Marine, SCV  
  98  6:46  Marine, Supply Depot  
  101  6:47  Refinery  
  101  6:55  Medivac, SCV x3  
  101  6:56  Marine  
  101  6:57  Supply Depot  
  101  6:58  Marine  
  108  7:04  Marine  
  108  7:08  Widow Mine, SCV x3  
  114  7:14  Marine  
  114  7:15  Marine x2  
  115  7:16  Marine  
  115  7:17  Terran Infantry Weapons Level 2  
  115  7:21  Supply Depot x3  
  117  7:25  Terran Infantry Armor Level 2  
  117  7:31  Marine  
  117  7:35  Marine x2  
  117  7:38  Marine, SCV  
  117  7:43  Marine x4  
  121  7:44  Widow Mine  
  121  7:46  SCV  
  121  7:47  SCV  
  122  7:51  Marine, Command Center  
  122  7:52  Marine x3  
  122  7:53  Factory  
  122  7:55  Medivac x2  
  122  7:56  Marine  
  131  7:59  Supply Depot  
  131  8:01  Marine x3  
  131  8:04  Supply Depot  
  134  8:17  Marine x2  
  134  8:18  Marauder  
  134  8:19  Widow Mine  
  140  8:21  Widow Mine  
  140  8:23  Supply Depot  
  140  8:27  Barracks  
  140  8:31  Barracks  
  140  8:32  Marine  
  140  8:33  Marine, Barracks  
  142  8:39  Marauder  
  142  8:40  Factory Tech Lab  
  142  8:41  Widow Mine  
  142  8:43  Marine  
  142  8:44  Marine, Medivac  
  142  8:45  Medivac, SCV  
  142  8:46  SCV  
  142  8:47  SCV, Refinery  
  147  8:52  Marine x3  
  148  8:58  SCV x2  
  148  8:59  Siege Tank, SCV, Drilling Claws  
  148  9:01  Marauder  
  156  9:10  SCV x2  
  156  9:11  SCV  
  156  9:13  Supply Depot  
  156  9:14  Medivac x2  
  156  9:16  Sensor Tower  
  163  9:20  Barracks Tech Lab x3  
  163  9:22  Marauder, SCV  
  150  9:35  Marine x2  
  150  9:36  Marine  
  150  9:37  Widow Mine x2  
  157  9:38  Siege Tank  
  157  9:42  Marauder x2  
  157  9:43  Marauder, SCV x3  
  157  9:44  Medivac x2, Refinery  
  170  9:45  Refinery  
  170  9:52  Planetary Fortress  
  165  9:55  SCV x2  
  165  9:59  Marine x2  
  169  10:00  Supply Depot  
  169  10:02  Widow Mine x2, Supply Depot  
  169  10:05  Marauder  
  175  10:11  Widow Mine  
  175  10:12  Marine, Marauder  
  175  10:13  Marine x4, Marauder x2  
  188  10:22  Marine, Terran Infantry Weapons Level 3  
  188  10:23  Ghost Academy, Widow Mine x2  
  188  10:26  Marauder  
  173  10:33  Marine x3  
  173  10:34  Marauder x3  
  173  10:35  Terran Infantry Armor Level 3  
  171  10:41  Command Center  
  171  10:42  Sensor Tower  
  171  10:45  Siege Tank  
  171  10:46  Widow Mine  
  171  10:47  Marauder  
  171  10:48  Marine, Widow Mine  
  181  10:58  Ghost  
  181  10:59  Marauder  
  185  11:05  Command Center  
  185  11:07  Ghost, Widow Mine  
  185  11:08  Ghost  
  191  11:15  Concussive Shells  
  187  11:27  Ghost x2  
  190  11:36  Ghost x2  
  193  11:51  Reaper  
  189  11:56  Ghost x2  
  189  12:00  Personal Cloaking  
  190  12:04  Ghost  
  190  12:05  Ghost  
  190  12:14  Missile Turret x2  
  190  12:15  Missile Turret  
  190  12:17  Orbital Command  
  190  12:18  Command Center  
  190  12:21  Command Center x2  
  190  12:24  Ghost  
  190  12:25  Ghost  
  194  12:33  Ghost  
  188  12:39  Planetary Fortress  
  185  12:48  Siege Tank, Widow Mine x2  
  189  12:56  Ghost x2  
  193  13:03  Ghost x2  
  195  13:08  Command Center  
  195  13:10  Factory  
  194  13:18  Terran Vehicle Weapons Level 1  
  190  13:20  Siege Tank  
  190  13:23  Refinery  
  190  13:24  Command Center, Refinery  
  178  13:50  Ghost x2  
  178  13:53  Siege Tank  
  168  13:58  Factory Tech Lab  
  168  13:59  Widow Mine x2  
  172  14:04  Liberator x2  
  172  14:07  Orbital Command  
  178  14:10  Marine x4, Marauder x2  
  178  14:14  Command Center  
  184  14:19  Marauder  
  184  14:20  Marine, Marauder  
  174  14:25  Siege Tank  
  170  14:32  Marauder x2  
  166  14:39  Ghost  
  166  14:40  Marine x2  
  166  14:41  Marine x3, Ghost  
  167  14:47  Planetary Fortress  
  167  14:48  Neosteel Armor, Hi-Sec Auto Tracking  
  167  14:52  Orbital Command, Ghost  
  169  15:01  Siege Tank x2  
  169  15:04  Liberator  
  169  15:05  Liberator  
  181  15:09  Sensor Tower  
  181  15:13  Orbital Command  
  181  15:14  Terran Vehicle Weapons Level 2  
  181  15:17  Marine  
  181  15:18  Marine x3, Marauder x3  
  189  15:23  Hellbat  
  189  15:24  Hellbat  
  189  15:26  Orbital Command  
  189  15:41  Orbital Command, Siege Tank x2  
  170  16:00  Ghost  
  170  16:01  Ghost x3  
  177  16:11  Sensor Tower  
  175  16:21  SCV x2  
  175  16:23  SCV  
  178  16:25  SCV  
  178  16:26  SCV x2  
  181  16:33  Planetary Fortress, Refinery  
  181  16:48  Marine x3  
  181  16:49  Marine, Marauder x3  
  181  16:53  Siege Tank  
  150  17:09  Marine, Ghost x4  
  150  17:10  Marine  
  160  17:18  SCV  
  160  17:19  SCV  
  149  17:29  Marine  
  142  17:31  Marine, Siege Tank  
  142  17:32  Hellbat x2  
  142  17:36  Nuke  
  145  17:38  Ghost x2, Marauder  
  145  17:42  Ghost  
  142  17:55  Hellbat  
  142  17:56  Hellbat, Siege Tank, Marine x2  
  136  17:59  Marine x2, Ghost  
  140  18:07  Marauder x2  
  140  18:10  Ghost  
  140  18:11  Marine x4  
  145  18:14  Marine x2  
Show
View Real Time Build Order
Export as new Build Order

Solar Zerg 

Build Orders: Hatch First, Lurkers 

Get SALT Encoding   

  12  0:00  Drone  
  13  0:12  Overlord  
  13  0:17  Drone  
  14  0:31  Drone x2  
  16  0:47  Hatchery  
  15  0:50  Drone  
  15  0:53  Drone  
  15  0:57  Drone  
  18  1:07  Extractor  
  17  1:13  Spawning Pool  
  17  1:15  Drone  
  17  1:19  Drone  
  18  1:27  Drone  
  19  1:38  Drone  
  20  1:51  Drone  
  21  2:00  Queen x2  
  21  2:01  Zergling x4  
  27  2:10  Zergling x2  
  27  2:11  Overlord  
  28  2:18  Metabolic Boost  
  28  2:28  Hatchery  
  27  2:31  Drone  
  27  2:33  Drone  
  29  2:41  Queen  
  31  2:46  Zergling x2  
  31  2:47  Overlord  
  31  2:51  Drone  
  33  2:55  Drone x2  
  35  2:58  Zergling x2  
  35  3:04  Drone  
  36  3:07  Drone  
  36  3:11  Drone x3  
  40  3:16  Queen  
  42  3:21  Overlord  
  42  3:25  Overlord  
  42  3:28  Zergling x2  
  42  3:29  Zergling x2  
  44  3:39  Queen  
  46  3:42  Zergling x2  
  46  3:46  Drone x2  
  49  3:51  Drone  
  49  3:52  Drone  
  49  3:57  Drone x2  
  49  3:58  Drone  
  49  4:01  Drone  
  49  4:02  Drone  
  53  4:07  Queen  
  55  4:11  Overlord  
  55  4:12  Drone  
  55  4:14  Drone x2  
  58  4:18  Drone x2  
  58  4:23  Queen  
  62  4:24  Drone  
  62  4:28  Zergling x2  
  62  4:30  Drone x3  
  67  4:33  Drone  
  67  4:34  Drone  
  67  4:37  Overlord  
  69  4:40  Extractor  
  69  4:41  Zergling x2  
  69  4:47  Queen  
  69  4:48  Drone  
  69  4:49  Drone  
  69  4:51  Overlord  
  73  4:57  Drone x3  
  73  4:58  Queen  
  78  5:04  Zergling x4  
  78  5:05  Lair  
  79  5:12  Baneling Nest  
  79  5:13  Drone  
  79  5:14  Hatchery  
  78  5:15  Drone, Spore Crawler  
  78  5:18  Drone, Spore Crawler  
  78  5:21  Drone, Spore Crawler  
  78  5:23  Extractor  
  78  5:26  Overlord  
  78  5:27  Drone  
  78  5:31  Drone  
  78  5:32  Drone  
  78  5:34  Drone x3  
  78  5:35  Drone  
  81  5:36  Drone  
  81  5:40  Drone x2  
  84  5:43  Overlord  
  84  5:44  Drone  
  84  5:46  Drone x2  
  87  5:50  Drone  
  87  5:52  Extractor  
  87  5:54  Drone x2  
  87  5:55  Drone, Evolution Chamber  
  87  5:56  Evolution Chamber  
  88  5:58  Extractor, Baneling x4  
  88  5:59  Baneling  
  88  6:01  Drone  
  88  6:04  Centrifugal Hooks  
  88  6:05  Zergling x2  
  88  6:06  Zergling x2  
  88  6:07  Zergling x2  
  88  6:08  Zergling x2  
  91  6:11  Overlord  
  91  6:14  Zergling x8  
  91  6:16  Zergling x4  
  91  6:18  Drone  
  98  6:19  Drone  
  97  6:26  Drone  
  97  6:27  Overlord  
  97  6:28  Drone  
  97  6:31  Drone  
  100  6:35  Drone x2, Zerg Melee Weapons Level 1, Zerg Ground Armor Level 1  
  100  6:36  Drone  
  103  6:40  Zergling x6  
  103  6:42  Baneling x2  
  103  6:43  Zergling x8  
  103  6:44  Baneling x2  
  103  6:45  Extractor, Hydralisk Den  
  103  6:46  Drone x2  
  110  6:48  Drone  
  110  6:51  Zergling x4  
  110  6:52  Zergling x2  
  110  6:53  Baneling x3  
  114  6:54  Overlord  
  114  6:59  Overseer  
  114  7:01  Baneling  
  114  7:02  Zergling x4  
  114  7:04  Drone  
  114  7:05  Drone x2  
  114  7:07  Zergling x2  
  120  7:10  Overlord  
  120  7:13  Zergling x6  
  123  7:16  Drone x5  
  123  7:21  Muscular Augments  
  128  7:25  Overlord  
  128  7:28  Overlord  
  128  7:29  Overlord  
  123  7:30  Overlord  
  123  7:35  Zergling x14  
  123  7:40  Hydralisk x3  
  121  7:45  Hydralisk  
  121  7:49  Hydralisk x6  
  121  7:51  Extractor, Zergling x2  
  135  7:55  Drone x5  
  139  8:00  Baneling x3, Drone x2  
  141  8:06  Zergling x4  
  141  8:10  Zergling x8  
  141  8:12  Overlord  
  147  8:13  Baneling x4  
  147  8:15  Hydralisk  
  147  8:19  Zergling x4  
  151  8:20  Hatchery  
  151  8:26  Zergling x12  
  152  8:33  Zergling x12  
  158  8:39  Drone x7  
  153  8:42  Overseer  
  151  8:50  Infestation Pit  
  151  8:51  Drone x5  
  151  8:52  Drone x2  
  151  8:58  Overlord  
  151  8:59  Zerg Ground Armor Level 2, Grooved Spines  
  151  9:01  Pneumatized Carapace  
  151  9:02  Drone  
  152  9:05  Drone x2  
  152  9:08  Baneling x9  
  154  9:10  Drone  
  154  9:11  Hydralisk  
  154  9:13  Zergling x4  
  159  9:19  Zergling x2  
  159  9:20  Zergling x6  
  163  9:24  Zergling x2  
  163  9:25  Zergling x12  
  163  9:27  Zerg Melee Weapons Level 2  
  163  9:29  Overlord  
  163  9:30  Zergling x2  
  149  9:38  Zergling x16  
  149  9:42  Hydralisk  
  149  9:44  Hive  
  149  9:45  Drone x2  
  159  9:47  Drone  
  159  9:49  Lurker Den, Zergling x6  
  159  9:50  Zergling x2  
  159  9:52  Baneling x7  
  160  9:53  Baneling  
  160  9:54  Zergling x2  
  160  9:55  Zergling x2  
  160  9:56  Zergling x4  
  160  9:57  Zergling x2  
  165  10:02  Zergling x6  
  165  10:04  Hydralisk x2  
  172  10:11  Zergling x10  
  172  10:14  Baneling x2  
  177  10:15  Zergling x14  
  179  10:26  Zergling x12  
  175  10:29  Zergling x2  
  175  10:30  Zergling x2  
  160  10:39  Hatchery, Zergling x12  
  160  10:42  Overlord  
  165  10:45  Zergling x12  
  165  10:48  Drone x2  
  165  10:49  Lurker x4  
  177  10:50  Hydralisk  
  177  10:56  Baneling x11  
  177  10:57  Baneling  
  177  10:58  Hatchery  
  177  10:59  Viper  
  179  11:09  Seismic Spines  
  179  11:11  Zergling x20  
  179  11:12  Overlord  
  179  11:15  Zerg Missile Weapons Level 1  
  189  11:18  Zergling x8  
  189  11:21  Overlord  
  189  11:24  Overlord  
  191  11:32  Zergling x14  
  195  11:33  Zergling x2  
  195  11:36  Zergling x4  
  195  11:38  Baneling x5  
  197  11:46  Zergling x8  
  198  11:47  Adrenal Glands  
  198  11:49  Hatchery  
  196  11:55  Drone x4  
  196  11:59  Zergling x2  
  196  12:00  Zerg Melee Weapons Level 3  
  197  12:01  Zergling x2  
  197  12:02  Zergling x2  
  197  12:03  Zergling x2  
  197  12:08  Hydralisk  
  197  12:10  Baneling x8, Zergling x2  
  200  12:22  Adaptive Talons  
  200  12:27  Extractor  
  199  12:30  Drone x3  
  199  12:33  Drone  
  199  12:38  Zergling x2  
  197  12:55  Zergling x12  
  200  13:01  Zergling x10  
  199  13:07  Hatchery  
  199  13:08  Zergling x2  
  199  13:09  Zerg Ground Armor Level 3  
  198  13:13  Zergling x4  
  199  13:31  Drone  
  193  13:44  Zergling x40  
  193  13:45  Zergling x8  
  187  13:50  Hatchery  
  187  13:52  Zergling x4  
  163  13:56  Hydralisk  
  163  13:57  Zergling x6  
  163  13:59  Zergling x2  
  165  14:05  Lurker x11  
  165  14:06  Overseer, Zergling x14  
  165  14:07  Baneling x13  
  165  14:08  Baneling x7, Zergling x4  
  165  14:09  Zergling x2  
  186  14:13  Zergling x6  
  186  14:19  Zergling x8  
  186  14:22  Zergling x2  
  186  14:23  Hydralisk x2  
  183  14:28  Zergling x2  
  183  14:29  Zergling x4  
  183  14:31  Zergling x2  
  173  14:33  Zergling x6  
  173  14:34  Hydralisk x2  
  173  14:35  Hydralisk x3  
  173  14:37  Zerg Missile Weapons Level 2, Zergling x2  
  168  14:41  Zergling x8  
  168  14:44  Zergling x2  
  168  14:48  Extractor, Zergling x10  
  168  14:49  Baneling x9  
  168  14:50  Baneling x9  
  168  14:52  Extractor, Zergling x6  
  174  14:55  Hydralisk  
  177  15:00  Zergling x8  
  177  15:02  Zergling x8  
  181  15:07  Spore Crawler  
  181  15:08  Zergling x6  
  181  15:11  Overseer  
  181  15:12  Overseer  
  181  15:13  Zergling x10  
  188  15:14  Overseer  
  188  15:18  Zergling x6  
  191  15:21  Zergling x14  
  191  15:25  Overseer  
  191  15:27  Zergling x2  
  191  15:28  Hatchery, Zergling x2  
  200  15:33  Zergling x14  
  190  15:47  Hydralisk x2  
  190  15:48  Zergling x28  
  188  15:52  Overseer  
  188  15:53  Zergling x2  
  188  15:54  Zergling x2  
  158  15:57  Hydralisk x2  
  158  15:58  Hydralisk x2  
  158  16:00  Overlord, Overseer  
  158  16:01  Overseer x2  
  158  16:02  Zergling x6  
  160  16:05  Zergling x4  
  160  16:06  Overseer  
  160  16:08  Baneling x2  
  160  16:09  Hydralisk x4, Overseer  
  160  16:10  Zergling x2  
  171  16:15  Zergling x4  
  173  16:19  Zergling x12  
  173  16:20  Zergling x2  
  173  16:23  Baneling x17  
  173  16:24  Baneling x19  
  173  16:25  Drone  
  181  16:27  Zergling x8  
  181  16:30  Baneling x6  
  181  16:31  Hydralisk x4  
  181  16:32  Zergling x2  
  194  16:35  Hatchery  
  194  16:38  Zergling x6  
  196  16:42  Overseer  
  196  16:43  Drone x2  
  196  16:44  Nydus Network, Zergling x4  
  184  16:50  Overlord  
  184  16:51  Zergling x18  
  178  16:54  Hydralisk  
  178  16:55  Hydralisk  
  178  16:57  Viper  
  178  16:58  Zergling x10  
  178  17:00  Overlord  
  190  17:02  Zergling x2  
  154  17:08  Zergling x12  
  154  17:09  Zergling x2  
  154  17:13  Zergling x8  
  154  17:14  Baneling x8  
  154  17:15  Baneling x5  
  159  17:18  Zergling x10  
  159  17:21  Zergling x2  
  151  17:25  Zergling x12  
  151  17:28  Hydralisk  
  139  17:30  Hydralisk x3  
  139  17:33  Hydralisk x2  
  141  17:38  Zergling x2  
  141  17:40  Zergling x4  
  141  17:42  Hydralisk x4  
  141  17:43  Hydralisk  
  146  17:44  Zergling x4  
  146  17:48  Hydralisk  
  146  17:51  Hydralisk x2  
  142  17:52  Hydralisk  
  142  17:53  Hydralisk x2  
  142  17:56  Zergling x10  
  139  18:00  Zergling x2  
  139  18:05  Hydralisk x4  
  144  18:07  Zergling x2  
  144  18:08  Zergling x2  
  144  18:11  Hydralisk  
  135  18:13  Zergling x2  
  135  18:15  Zergling x6  
  135  18:16  Zergling x2  
  135  18:19  Zergling x6  
  130  18:22  Overlord  
  130  18:23  Zergling x8  
  130  18:26  Zergling x6  
  130  18:28  Zergling x2  

Tags
 
Composition
Lurkers
Matchup
TvZ
Player
MaruSolar
Spawn Locations
Cross Positions
Add a new tag
Caveats
  • Supply blocks, unpowered buildings, or Contaminate may cause inaccurate times.
  • Supply counts are checked every 10 seconds.